AoeStats
← REALMorphzilla

Arena

509471554Analyzed
4v4 RM · 5d ago on Sep 26, 2026· 68m 21s· 8 players
Game mode
Random Map
Map size
Large (8 player)
Population
200
Speed
Normal
Resources
Standard
Victory
Conquest
Starting age
Dark Age
Ending age
Imperial Age
RankedLock teamsTeams togetherTeam positionsShared explorationLock speedFull tech treeHidden civsTurbo modeCheats
Victory
Defeat
1109
+13
🇺🇸 Slavs · United States
1087
+14
🇪🇸 Persians · Spain
1051
+15
🇻🇳 Mongols · Vietnam
1042
+44
🇺🇸 Khmer · United States
1129
-18
🇺🇸 Lithuanians · United States
1058
-15
🇺🇸 Britons · United States
1018
-14
🇺🇸 Persians · United States
922
-10
ronald.lama6
10:40 Feudal Age
14:42 Castle Age
13:18 Horse Collar
13:25 Double-Bit Axe
14:44 Wheelbarrow
15:53 Bow Saw
16:46 Heavy Plow
22:47 Hand Cart
22:51 Pikeman
25:57 Gold Mining
27:35 Town Watch
30:29 Imperial Age
28:33 Scale Barding Armor
28:38 Forging
28:25 Loom
29:25 Bloodlines
29:17 Husbandry
30:54 Iron Casting
30:39 Chain Barding Armor
30:08 Cavalier
31:01 Kamandaran
32:32 Two-Man Saw
32:11 Thumb Ring
31:27 Crossbowman
32:53 Crop Rotation
31:53 Savar
32:13 Heavy Camel Rider
36:28 Chemistry
37:35 Blast Furnace
37:10 Plate Barding Armor
37:23 Plate Barding Armor
53:20 Gold Shaft Mining
53:03 Light Cavalry
54:26 Hussar
59:59 Fletching
66:03 Caravan
mark_aoe_2024
12:05 Feudal Age
16:01 Castle Age
14:35 Double-Bit Axe
14:33 Horse Collar
17:49 Bow Saw
19:53 Loom
22:04 Heavy Plow
22:09 Stone Mining
23:30 Wheelbarrow
23:43 Gold Mining
25:29 Hand Cart
26:16 Gold Shaft Mining
29:39 Imperial Age
27:54 Detinets
27:50 Pikeman
28:31 Squires
29:18 Fortified Wall
29:30 Ballistics
29:26 Scale Mail Armor
29:39 Forging
30:44 Conscription
29:49 Halberdier
30:51 Chain Mail Armor
30:58 Onager
32:58 Two-Man Saw
33:26 Druzhina
35:28 Plate Mail Armor
35:33 Iron Casting
35:50 Capped Ram
36:45 Siege Engineers
38:50 Chemistry
38:49 Man-at-Arms
38:54 Siege Ram
39:40 Siege Onager
42:54 Bloodlines
42:44 Husbandry
42:05 Light Cavalry
43:51 Blast Furnace
43:01 Scale Barding Armor
44:05 Hoardings
52:52 Crop Rotation
53:10 Hussar
56:09 Chain Barding Armor
57:44 Masonry
58:31 Caravan
59:09 Plate Barding Armor
65:29 Murder Holes
67:22 Long Swordsman
—»¬ ° • G ¡ ø 49k .
1:07 Loom
11:01 Feudal Age
16:07 Castle Age
14:19 Horse Collar
14:42 Gold Mining
16:08 Stone Mining
17:16 Double-Bit Axe
23:26 Wheelbarrow
22:36 Town Watch
24:01 Heavy Plow
24:50 Bow Saw
26:33 Gold Shaft Mining
26:30 Hand Cart
26:00 Town Watch
26:28 Town Watch
31:03 Stone Shaft Mining
33:02 Imperial Age
30:51 Scale Mail Armor
31:02 Forging
30:45 Fletching
30:55 Padded Archer Armor
30:42 Treadmill Crane
31:22 Town Patrol
31:00 Elite Skirmisher
31:53 Forging
31:58 Chain Mail Armor
31:38 Bodkin Arrow
31:43 Padded Archer Armor
32:06 Ballistics
32:48 Atlatl
33:50 Iron Casting
33:54 Leather Archer Armor
34:51 Chemistry
34:05 Bracer
34:05 Gambesons
34:20 Squires
34:05 Arson
35:00 Plate Mail Armor
35:31 Blast Furnace
36:40 Eagle Warrior
37:13 Elite Jaguar Warrior
38:13 Garland Wars
37:31 Pikeman
37:34 Elite Eagle Warrior
40:11 Crop Rotation
51:04 Caravan
Minty
10:36 Feudal Age
11:56 Wheelbarrow
12:18 Double-Bit Axe
12:41 Horse Collar
23:34 Castle Age
21:38 Stone Mining
21:40 Gold Mining
22:43 Forging
22:45 Scale Mail Armor
23:03 Scale Barding Armor
24:42 Hand Cart
24:30 Heavy Plow
25:57 Bow Saw
27:28 Caravan
33:20 Gold Shaft Mining
35:55 Imperial Age
37:40 Bloodlines
37:31 Husbandry
37:44 Light Cavalry
RedEyeJedi4918
11:25 Feudal Age
15:34 Castle Age
13:59 Double-Bit Axe
14:37 Stone Mining
14:42 Horse Collar
17:37 Bow Saw
18:12 Fletching
20:36 Wheelbarrow
19:57 Gold Mining
20:44 Heavy Plow
21:20 Loom
27:56 Hand Cart
28:20 Yeomen
28:08 Padded Archer Armor
31:00 Ballistics
33:50 Imperial Age
31:40 Bodkin Arrow
32:34 Leather Archer Armor
35:13 Siege Engineers
35:58 Bracer
36:28 Ring Archer Armor
39:46 Elite Longbowman
39:56 Light Cavalry
40:37 Husbandry
40:51 Forging
40:47 Scale Barding Armor
45:45 Iron Casting
45:32 Chain Barding Armor
46:42 Chemistry
46:36 Conscription
REALMorphzilla
3:26 Loom
12:15 Feudal Age
13:03 Double-Bit Axe
14:07 Wheelbarrow
20:08 Castle Age
17:59 Town Watch
20:16 Castle Age
18:23 Stone Mining
18:56 Fletching
20:18 Padded Archer Armor
21:12 Horse Collar
23:25 Bow Saw
26:45 Imperial Age
25:32 Hand Cart
25:43 Heavy Plow
26:46 Cavalier
28:54 Chemistry
28:28 Husbandry
30:12 Two-Man Saw
30:44 Gold Mining
36:49 Pikeman
38:18 Kamandaran
37:41 Crossbowman
38:55 Murder Holes
39:21 Citadels
45:55 Scale Mail Armor
46:05 Forging
54:26 Squires
65:10 Thumb Ring
I THS I
10:45 Feudal Age
11:40 Double-Bit Axe
15:43 Castle Age
13:38 Horse Collar
16:47 Heavy Plow
17:00 Bow Saw
20:19 Wheelbarrow
19:32 Loom
22:40 Gold Mining
22:40 Stone Mining
23:36 Hand Cart
25:22 Gold Shaft Mining
25:22 Stone Shaft Mining
26:33 Fletching
26:44 Padded Archer Armor
29:15 Leather Archer Armor
29:28 Bloodlines
30:27 Bodkin Arrow
30:39 Scale Barding Armor
30:46 Forging
32:01 Chain Barding Armor
33:24 Iron Casting
32:49 Scale Mail Armor
35:47 Imperial Age
34:45 Ballistics
35:52 Heavy Scorpion
36:44 Double Crossbow
37:07 Conscription
36:27 Light Cavalry
37:34 Bracer
39:45 Hussar
46:49 Elite Battle Elephant
50:09 Crop Rotation
HowManyMustDie
10:09 Feudal Age
14:25 Castle Age
16:56 Wheelbarrow
20:20 Fervor
21:12 Hand Cart
21:40 Loom
24:40 Double-Bit Axe
25:13 Horse Collar
27:24 Heavy Plow
27:41 Bow Saw
27:59 Stone Mining
29:39 Stone Shaft Mining
28:55 Gold Mining
34:49 Imperial Age
32:51 Murder Holes
33:09 Scale Barding Armor
32:55 Fletching
33:12 Scale Barding Armor
33:43 Bodkin Arrow
34:50 Bloodlines
34:41 Husbandry
34:02 Light Cavalry
35:09 Treadmill Crane
34:54 Cavalier
36:08 Conscription
35:09 Elite Leitis
36:17 Chain Barding Armor
35:58 Bracer
36:51 Paladin
36:58 Winged Hussar
44:58 Plate Barding Armor
49:03 Padded Archer Armor
60:10 Pikeman
60:12 Man-at-Arms
60:53 Squires
61:32 Forging
61:22 Scale Mail Armor
60:54 Long Swordsman
62:05 Two-Handed Swordsman
62:46 Champion
64:04 Chain Mail Armor
64:25 Iron Casting
Connection lost

Rejoining the realm…

Still unreachable

The connection could not be restored.

Session expired

The server has moved on; the page needs a fresh start.